[Event "Titled Tuesday Blitz April 05 Late 2022"]
[White "Czopor, Maciej"]
[Black "Holt, Conrad"]
[WhiteFideId "21805431"]
[BlackFideId "2034387"]
[WhiteElo "1999"]
[BlackElo "2586"]
[Result "0-1"]
[Round "06"]
[TimeControl "180+1"]
[Date "2022.04.05"]
[WhiteClock "0:00:16"]
[BlackClock "0:01:08"]

1. d4 d5 2. c4 c6 3. Nf3 Nf6 4. g3 dxc4 5. Bg2 Nbd7 6. O-O g6 7. a4 a5 8. Na3 Nb6 9. Ne5 Bg7 10. Naxc4 O-O 11. e3 Nfd5 12. Bd2 Nxc4 13. Nxc4 Be6 14. Rc1 Nb4 15. Qe2 Bf5 16. Rfd1 Bd3 17. Qf3 Na2 18. b3 Nxc1 19. Rxc1 Bxc4 20. Rxc4 e5 21. d5 f5 22. Qe2 cxd5 23. Rc5 e4 24. Qb5 d4 25. Bxa5 Rxa5 26. Qxa5 b6 0-1


[Site "https://www.chess.com"]

[Event "Titled Tuesday Blitz April 05 Late 2022"]
[White "Diaz Perez, Michel Alejandro"]
[Black "Zhou, Qiyu"]
[WhiteFideId "3517179"]
[BlackFideId "505161"]
[WhiteElo "2636"]
[BlackElo "2383"]
[Result "1-0"]
[Round "06"]
[TimeControl "180+1"]
[Date "2022.04.06"]
[WhiteClock "0:01:49"]
[BlackClock "0:00:33"]

1. e4 e5 2. Nf3 Nc6 3. Bb5 a6 4. Ba4 Nf6 5. O-O b5 6. Bb3 Be7 7. a4 b4 8. d3 O-O 9. Re1 d6 10. a5 Rb8 11. h3 h6 12. Be3 Be6 13. Nbd2 Nh7 14. Nc4 Ng5 15. Ba4 Bxc4 16. Bxc6 Bb5 17. Bd5 c6 18. Bb3 Ne6 19. d4 exd4 20. Nxd4 Nxd4 21. Qxd4 c5 22. Qd5 Qc7 23. Bc4 Bc6 24. Qd3 Bb5 25. Bf4 Rfd8 26. Rad1 Qxa5 27. Bxb5 Qxb5 28. Qg3 Kh7 29. e5 dxe5 30. Bxe5 Rxd1 31. Qxg7# 1-0


[Site "https://www.chess.com"]

[Event "Titled Tuesday Blitz April 05 Late 2022"]
[White "Djordjevic, Dejan N"]
[Black "Manelyuk, Daniil"]
[WhiteFideId "913316"]
[BlackFideId "44173920"]
[WhiteElo "2262"]
[BlackElo "2209"]
[Result "1-0"]
[Round "06"]
[TimeControl "180+1"]
[Date "2022.04.06"]
[WhiteClock "0:00:08"]
[BlackClock "0:00:15"]

1. e4 e6 2. d3 c5 3. Nd2 Nc6 4. Ngf3 g6 5. g3 Bg7 6. Bg2 Nge7 7. O-O O-O 8. c3 d6 9. Re1 Rb8 10. h4 b5 11. Nf1 b4 12. c4 e5 13. Ne3 Nd4 14. Nxd4 exd4 15. Nd5 Nxd5 16. exd5 Bf5 17. Bf4 Qd7 18. Qd2 Rfe8 19. Kh2 a5 20. Rac1 a4 21. Bf1 a3 22. bxa3 bxa3 23. Rb1 Be5 24. Bg5 Qa4 25. Kg1 Qa7 26. Rec1 Rb6 27. Rxb6 Qxb6 28. Re1 Rb8 29. Be7 Qb2 30. Qg5 h6 31. Qxh6 Bg7 32. Qf4 Qxa2 33. Bxd6 Rc8 34. h5 Qb2 35. g4 a2 36. gxf5 a1=Q 37. Rxa1 Qxa1 38. fxg6 fxg6 39. hxg6 Qa8 40. Qf7+ Kh8 41. Be5 Rg8 42. Bh3 Qf8 43. Qxf8 Rxf8 44. Bd6 Rd8 45. Bxc5 Bf6 46. Bb6 Re8 47. Be6 Kg7 48. Bf7 Rb8 49. c5 Ra8 50. d6 Ra1+ 51. Kg2 Rc1 52. d7 Be7 53. Be8 Kf6 54. Kf3 Kg7 55. Ke4 Re1+ 56. Kxd4 Bf6+ 57. Kd5 Re5+ 58. Kd6 Re1 59. c6 Be7+ 60. Kd5 Kf6 61. c7 Re5+ 62. Kd4 Rb5 63. d8=Q Rxb6 64. Qxe7+ Kxe7 65. c8=Q Rd6+ 66. Ke3 Re6+ 67. Qxe6+ Kxe6 68. d4 Kf6 69. f4 Kg7 70. Bf7 Kh8 71. Ke4 Kg7 72. Ke5 Kh8 73. d5 Kg7 74. d6 Kh8 75. d7 Kg7 76. Ke6 Kh8 77. d8=Q+ Kg7 78. Qf6+ Kh6 79. g7+ Kh7 80. g8=Q# 1-0


[Site "https://www.chess.com"]

[Event "Titled Tuesday Blitz April 05 Late 2022"]
[White "Do Valle Cardoso, Lucas"]
[Black "Baches Garcia, Guillermo"]
[WhiteFideId "2163144"]
[BlackFideId "2209764"]
[WhiteElo "2661"]
[BlackElo "2514"]
[Result "1-0"]
[Round "06"]
[TimeControl "180+1"]
[Date "2022.04.06"]
[WhiteClock "0:00:03"]
[BlackClock "0:00:01"]

1. e4 c5 2. Nf3 d6 3. d4 cxd4 4. Nxd4 Nf6 5. Nc3 Nc6 6. Bc4 Bd7 7. Bb3 g6 8. f3 Nxd4 9. Qxd4 Bg7 10. Be3 O-O 11. Qd2 b5 12. Bh6 a5 13. a4 b4 14. Ne2 Qb6 15. h4 Qc5 16. h5 Bxh6 17. Qxh6 g5 18. O-O-O Kh8 19. f4 Qe3+ 20. Kb1 Qxe2 21. e5 Ng4 22. Qxg5 Nf2 23. h6 Qg4 24. Qxe7 Nxd1 25. Rxd1 Be6 26. Qf6+ Kg8 27. Rd3 Bxb3 28. Rxb3 dxe5 29. fxe5 Qg6 30. Qf4 Kh8 31. Rg3 Qe6 32. Rg7 Rg8 33. Qg5 1-0


[Site "https://www.chess.com"]

[Event "Titled Tuesday Blitz April 05 Late 2022"]
[White "Dobre, Claudiu-Cristian"]
[Black "Kaganskiy, Gleb"]
[WhiteFideId "1211854"]
[BlackFideId "4132025"]
[WhiteElo "2207"]
[BlackElo "2165"]
[Result "0-1"]
[Round "06"]
[TimeControl "180+1"]
[Date "2022.04.06"]
[WhiteClock "0:00:02"]
[BlackClock "0:00:39"]

1. c4 e5 2. Nc3 Bb4 3. Qc2 Nc6 4. e3 Nf6 5. Nf3 O-O 6. Nd5 Be7 7. a3 a5 8. Bd3 h6 9. O-O d6 10. Nxf6+ Bxf6 11. Be4 Be7 12. b3 Be6 13. Bb2 Qd7 14. h3 f5 15. Bxc6 bxc6 16. c5 Rab8 17. Rfc1 Bxb3 18. Qc3 Bd5 19. Ne1 Bf6 20. d4 Rb3 21. Qd2 f4 22. exf4 exf4 23. Bc3 f3 24. Nxf3 Bxf3 25. gxf3 Qxh3 26. Qc2 a4 27. Qe4 Bg5 28. Rc2 Rxf3 29. Bd2 Rg3+ 30. fxg3 Rxg3+ 31. Kf2 Qh2+ 0-1


[Site "https://www.chess.com"]

[Event "Titled Tuesday Blitz April 05 Late 2022"]
[White "Domingo Nunez, Alejandro"]
[Black "Mickiewicz, Piotr"]
[WhiteFideId "22245561"]
[BlackFideId "1114891"]
[WhiteElo "2636"]
[BlackElo "2490"]
[Result "0-1"]
[Round "06"]
[TimeControl "180+1"]
[Date "2022.04.06"]
[WhiteClock "0:00:11"]
[BlackClock "0:00:05"]

1. c4 g6 2. g3 Bg7 3. Bg2 d6 4. Nc3 Nf6 5. e3 O-O 6. Nge2 c6 7. O-O c5 8. d4 Nc6 9. b3 Bd7 10. Bb2 a6 11. Qd2 Rb8 12. Rac1 cxd4 13. exd4 b5 14. cxb5 axb5 15. Nxb5 Rxb5 16. Bxc6 Bxc6 17. Rxc6 Qa8 18. Qc2 Nd5 19. Qc4 Rfb8 20. Nc1 Nb4 21. Rc7 Nd5 22. Rc6 Nb4 23. a4 Qxc6 24. axb5 Qxb5 25. Qc7 Nd5 26. Qa7 Rc8 27. Re1 h5 28. Qa1 Rc2 29. Qb1 Qc6 30. Nd3 h4 31. Rc1 Rxc1+ 32. Qxc1 Qb7 33. Qc4 h3 34. Kf1 Nb6 35. Qb5 Qh1+ 36. Ke2 Nd5 37. Qe8+ Bf8 38. Qb5 Qe4+ 39. Kd2 Bh6+ 40. Kd1 Qh1+ 41. Ke2 Qe4+ 42. Kd1 Qf5 43. f4 Ne3+ 44. Ke2 Qxb5 45. Kxe3 Qxb3 46. Kd2 Bg7 47. Bc1 Qc4 48. Ke2 Qxd4 49. Be3 Qe4 50. Nf2 Qc4+ 51. Kf3 Bd4 52. Nxh3 Qd3 53. Kg4 Qxe3 54. Ng5 f5+ 55. Kh3 Qe2 56. Nf3 Qxf3 57. Kh4 Qg4# 0-1


[Site "https://www.chess.com"]

[Event "Titled Tuesday Blitz April 05 Late 2022"]
[White "Dreev, Aleksey"]
[Black "Tristan, Leonardo"]
[WhiteFideId "4100107"]
[BlackFideId "113816"]
[WhiteElo "2625"]
[BlackElo "2404"]
[Result "0-1"]
[Round "06"]
[TimeControl "180+1"]
[Date "2022.04.05"]
[WhiteClock "0:00:08"]
[BlackClock "0:00:13"]

1. d4 d5 2. c4 e6 3. Nc3 a6 4. cxd5 exd5 5. Qb3 c5 6. Qxd5 cxd4 7. Qxd8+ Kxd8 8. Nd5 Be6 9. Nf4 Nc6 10. Nf3 Bb4+ 11. Bd2 Bxd2+ 12. Kxd2 Nf6 13. Nxe6+ fxe6 14. e3 Kc7 15. exd4 Rad8 16. Rc1 Kb6 17. Bd3 Nxd4 18. Ne5 Rhf8 19. Rc4 Rd5 20. Re1 Rfd8 21. Rc3 Ka7 22. Kc1 Nd7 23. Nxd7 R8xd7 24. Bxh7 Rh5 25. Rh3 Rc7+ 26. Kb1 Rxh3 27. gxh3 Nf3 28. Rd1 Ng5 29. Bc2 Nxh3 30. Re1 Rf7 31. Rxe6 Rxf2 32. a3 Rxh2 33. Re7 Nf2 34. Rxg7 Rh1+ 35. Ka2 Rc1 36. Bb3 Rc5 37. Bd1 Nxd1 38. Re7 Rc2 39. Ka1 Nxb2 40. Kb1 Rh2 41. Re4 b5 42. Re7+ Kb6 43. Re6+ Ka5 44. Re4 Nc4 45. Ka1 Ka4 46. Rd4 Kxa3 47. Rd3+ Ka4 48. Rc3 a5 49. Kb1 Kb4 50. Rd3 a4 0-1


[Site "https://www.chess.com"]

[Event "Titled Tuesday Blitz April 05 Late 2022"]
[White "Estrada Nieto, Julian"]
[Black "Ambartsumova, Karina"]
[WhiteFideId "5101018"]
[BlackFideId "4166299"]
[WhiteElo "2363"]
[BlackElo "2574"]
[Result "0-1"]
[Round "06"]
[TimeControl "180+1"]
[Date "2022.04.06"]
[WhiteClock "0:00:51"]
[BlackClock "0:00:57"]

1. e4 e5 2. Nf3 Nc6 3. Bb5 a6 4. Ba4 Nf6 5. O-O Be7 6. Re1 b5 7. Bb3 O-O 8. a4 d5 9. exd5 Na5 10. Nxe5 Nxb3 11. Nc6 Bg4 12. f3 Bc5+ 13. Kh1 Qxd5 14. cxb3 Qxc6 15. fxg4 Ne4 16. Rxe4 Qxe4 17. d4 Bxd4 18. Nc3 Bxc3 19. bxc3 Rad8 20. Qf1 Qxg4 21. Be3 Rfe8 22. Bd4 Qe2 23. axb5 Qxf1+ 24. Rxf1 axb5 25. b4 f6 26. h3 Ra8 27. Rf5 c6 28. Rc5 Re6 29. Kh2 Kf7 30. Kg3 Ke7 31. Kf3 Kd7 32. Rh5 h6 33. Rh4 Ra2 34. Rg4 g5 35. h4 f5 36. Rg3 Rd2 37. hxg5 Rd3+ 38. Kf4 Rxg3 39. Kxg3 hxg5 40. Kf3 Re4 41. Kf2 Ke6 42. Kf3 Kd5 43. Bf6 g4+ 44. Kg3 Kc4 45. Kh4 Re2 46. g3 Kd3 47. Kg5 Ke4 48. Bd4 Rg2 49. Kh4 Rh2+ 50. Kg5 Rh3 51. Bf2 Kf3 52. Be1 Rxg3 0-1


[Site "https://www.chess.com"]

[Event "Titled Tuesday Blitz April 05 Late 2022"]
[White "Foisor, Sabina-Francesca"]
[Black "Hernandez Bermudez, Ulises Eduardo"]
[WhiteFideId "1212915"]
[BlackFideId "3902510"]
[WhiteElo "2243"]
[BlackElo "2056"]
[Result "1-0"]
[Round "06"]
[TimeControl "180+1"]
[Date "2022.04.06"]
[WhiteClock "0:00:10"]
[BlackClock "0:00:13"]

1. d4 Nf6 2. c4 g6 3. Nf3 Bg7 4. g3 d6 5. Bg2 O-O 6. O-O Nc6 7. Nc3 e5 8. d5 Ne7 9. Qc2 Nd7 10. Rb1 h6 11. b4 f5 12. Rd1 Nf6 13. c5 a5 14. a3 e4 15. Ne1 Ng4 16. h3 Ne5 17. cxd6 cxd6 18. Nb5 axb4 19. axb4 Bd7 20. Nc3 Rc8 21. Bb2 Nc4 22. Rdc1 Nxb2 23. Qxb2 Qb6 24. Qb3 f4 25. g4 f3 26. exf3 exf3 27. Nxf3 Rf4 28. Ne2 Rxc1+ 29. Rxc1 Rxb4 30. Qc2 Rb2 31. Qd1 Kh7 32. Bf1 Ng8 33. h4 Nf6 34. g5 Ne4 35. Nfd4 hxg5 36. hxg5 Nxg5 37. Qd3 Bxd4 38. Nxd4 Qxd4 39. Qxd4 Nf3+ 40. Kg2 Nxd4 41. Rc7 Kh6 42. Rxd7 Nf5 43. Bd3 Ne3+ 44. Kf3 Nxd5 45. Rxd6 Ne7 46. Re6 Ng8 47. Rxg6+ Kh7 48. Rb6+ 1-0


[Site "https://www.chess.com"]

[Event "Titled Tuesday Blitz April 05 Late 2022"]
[White "Gomez Dieguez, David"]
[Black "Clawitter, Craig"]
[WhiteFideId "22223630"]
[BlackFideId "2023105"]
[WhiteElo "2115"]
[BlackElo "2230"]
[Result "1/2-1/2"]
[Round "06"]
[TimeControl "180+1"]
[Date "2022.04.06"]
[WhiteClock "0:00:10"]
[BlackClock "0:00:06"]

1. c4 e6 2. Nf3 Nf6 3. Nc3 d5 4. e3 c6 5. b3 Nbd7 6. Bb2 Bd6 7. d4 O-O 8. Be2 e5 9. cxd5 cxd5 10. dxe5 Nxe5 11. O-O Be6 12. Nb5 Nxf3+ 13. Bxf3 Bb8 14. Nd4 Re8 15. Rc1 Ne4 16. g3 Bh3 17. Bg2 Bxg2 18. Kxg2 Be5 19. Rc2 Rc8 20. Qc1 Qd7 21. Rd1 Rxc2 22. Qxc2 Rc8 23. Qd3 h6 24. Rc1 Rxc1 25. Bxc1 Ng5 26. f4 Qh3+ 27. Kg1 Bxd4 28. exd4 Ne4 29. Qf1 Qxf1+ 30. Kxf1 Kf8 31. Ba3+ Ke8 32. Bb4 g6 33. Ke2 Kd7 34. g4 Nf6 35. Kf3 h5 36. h3 hxg4+ 37. hxg4 Ke6 38. Bc5 b6 39. Bf8 Nd7 40. Bg7 Nf6 41. Bxf6 Kxf6 42. a4 a5 43. Ke3 Ke6 44. Kd3 Kd6 45. Kc3 f6 46. b4 Kc6 47. b5+ Kd6 48. Kd3 Ke6 49. Ke3 f5 50. g5 Kd6 51. Kd3 Ke6 1/2-1/2


[Site "https://www.chess.com"]

[Event "Titled Tuesday Blitz April 05 Late 2022"]
[White "Goryachkina, Aleksandra"]
[Black "Villegas, Pierre"]
[WhiteFideId "4147103"]
[BlackFideId "654183"]
[WhiteElo "2644"]
[BlackElo "2537"]
[Result "1/2-1/2"]
[Round "06"]
[TimeControl "180+1"]
[Date "2022.04.06"]
[WhiteClock "0:00:08"]
[BlackClock "0:00:06"]

1. e4 c6 2. d4 d5 3. e5 c5 4. dxc5 e6 5. a3 Nc6 6. Nf3 Bxc5 7. Bd3 Nge7 8. O-O Ng6 9. b4 Bb6 10. Re1 f6 11. Bb2 O-O 12. exf6 gxf6 13. c4 Nf4 14. cxd5 Qxd5 15. Be4 Qxd1 16. Rxd1 e5 17. Nbd2 Be6 18. Nf1 Rfd8 19. Ng3 Bb3 20. Rd2 Rxd2 21. Nxd2 Bd5 22. Bxd5+ Nxd5 23. Nge4 Rd8 24. Nc4 Bd4 25. Bxd4 Nxd4 26. Rd1 Kf8 27. Kf1 Ke7 28. g3 b6 29. Rd3 Rc8 30. Ne3 Rc1+ 31. Kg2 Nxe3+ 32. fxe3 Rc2+ 33. Kf1 Ne6 34. h4 f5 35. Nd6 f4 36. exf4 exf4 37. g4 Kf6 38. Nf5 Ke5 39. Rd1 Rc4 40. Re1+ Re4 41. Rxe4+ Kxe4 42. Kf2 Nc7 43. Nd6+ Ke5 44. Nc8 Nb5 45. a4 Nc3 46. Nxa7 Nxa4 47. Nc8 b5 48. Na7 Nc3 49. Kf3 Nd5 50. Nxb5 Nxb4 51. Nc3 Nc6 52. Nb5 Ne7 53. Nc3 Ng6 54. h5 Nh4+ 55. Kf2 Kf6 56. Ne4+ Ke5 57. Nc3 Kf6 58. Ne4+ Ke5 59. Ng5 h6 60. Nf3+ Nxf3 61. Kxf3 Kf6 62. Kxf4 Ke6 63. g5 hxg5+ 64. Kxg5 Kf7 65. Kh6 Kg8 66. Kg6 Kh8 67. h6 Kg8 68. h7+ Kh8 69. Kh6 1/2-1/2


[Site "https://www.chess.com"]

[Event "Titled Tuesday Blitz April 05 Late 2022"]
[White "Gulecyuz, Deniz"]
[Black "Petrova, Irina"]
[WhiteFideId "30921341"]
[BlackFideId "14124122"]
[WhiteElo "1923"]
[BlackElo "1993"]
[Result "0-1"]
[Round "06"]
[TimeControl "180+1"]
[Date "2022.04.06"]
[WhiteClock "0:00:04"]
[BlackClock "0:00:30"]

1. e4 d6 2. d4 Nf6 3. Nc3 e5 4. Nf3 Nbd7 5. Bc4 Be7 6. O-O O-O 7. Re1 c6 8. Bb3 b5 9. a4 b4 10. Nb1 Bb7 11. Nbd2 Qc7 12. Nc4 Rfe8 13. Bg5 h6 14. Bh4 c5 15. d5 g5 16. Bg3 Bf8 17. Qd2 Bg7 18. Qd3 Nh5 19. Ne3 Nf4 20. Bxf4 exf4 21. Nf5 Ne5 22. Nxe5 Rxe5 23. a5 Rae8 24. Nxg7 Kxg7 25. Ba4 R8e7 26. Bb5 Bxd5 27. f3 c4 28. Qd4 Bb7 29. Bxc4 Kh7 30. Bb3 d5 31. Rad1 dxe4 32. Qxb4 exf3 33. Rxe5 Qxe5 34. gxf3 Qe3+ 35. Kf1 Qxf3+ 36. Kg1 Qg2# 0-1


[Site "https://www.chess.com"]

[Event "Titled Tuesday Blitz April 05 Late 2022"]
[White "Hakobyan, Aram"]
[Black "Kazakouski, Valery"]
[WhiteFideId "13306677"]
[BlackFideId "13507443"]
[WhiteElo "2557"]
[BlackElo "2524"]
[Result "1-0"]
[Round "06"]
[TimeControl "180+1"]
[Date "2022.04.05"]
[WhiteClock "0:00:38"]
[BlackClock "0:00:07"]

1. d4 Nf6 2. c4 e6 3. a3 d5 4. cxd5 exd5 5. Nc3 c6 6. Bf4 Bd6 7. Bxd6 Qxd6 8. e3 Bf5 9. Qf3 Bg6 10. h4 h6 11. Nge2 Nbd7 12. Nf4 Bh7 13. Rc1 a6 14. Be2 Ne4 15. Nxe4 Bxe4 16. Qg3 O-O 17. O-O Rfe8 18. Nh5 Qxg3 19. Nxg3 Bh7 20. Bg4 Nf6 21. Bf5 Bxf5 22. Nxf5 Ne4 23. h5 Rad8 24. Rc2 Kh7 25. a4 a5 26. Rb1 Rd7 27. b4 axb4 28. Rxb4 Re6 29. a5 Rf6 30. Nh4 Nd6 31. Nf3 Nc4 32. Ra2 Rf5 33. a6 bxa6 34. Rxa6 Rc7 35. Ra8 Rxh5 36. g4 Rh3 37. Kg2 Rxf3 38. Kxf3 c5 39. dxc5 Rxc5 40. Kg2 Rc6 41. Rd8 Rg6 42. Kh3 Rg5 43. f4 Rg6 44. Rbb8 Ra6 45. f5 g6 46. f6 g5 47. Rg8 1-0


[Site "https://www.chess.com"]

[Event "Titled Tuesday Blitz April 05 Late 2022"]
[White "Hambleton, Aman"]
[Black "Matlakov, Maxim"]
[WhiteFideId "2606577"]
[BlackFideId "4168003"]
[WhiteElo "2552"]
[BlackElo "2669"]
[Result "0-1"]
[Round "06"]
[TimeControl "180+1"]
[Date "2022.04.05"]
[WhiteClock "0:00:03"]
[BlackClock "0:01:48"]

1. d4 Nf6 2. c4 e6 3. Nc3 d5 4. cxd5 Nxd5 5. Nf3 c5 6. e3 cxd4 7. Nxd5 Qxd5 8. Qxd4 Qxd4 9. Nxd4 Bc5 10. Nb5 Kd7 11. Bd2 a6 12. Nc3 Rd8 13. Na4 Ba7 14. Ba5 Rh8 15. O-O-O+ Ke7 16. Nb6 Bxb6 17. Bxb6 Bd7 18. Be2 Rc8+ 19. Kb1 Bc6 20. f3 Nd7 21. Ba5 f5 22. Bb4+ Kf7 23. Rd2 Nf6 24. Bc3 Nd5 25. Bd4 Re8 26. Rc1 Rac8 27. b3 g5 28. Bc4 Kg6 29. Re1 h5 30. Bb2 Rcd8 31. Be5 Nb4 32. Rxd8 Rxd8 0-1


[Site "https://www.chess.com"]

[Event "Titled Tuesday Blitz April 05 Late 2022"]
[White "Hardaway, Brewington"]
[Black "Bilan, Danila"]
[WhiteFideId "30941849"]
[BlackFideId "24161918"]
[WhiteElo "1768"]
[BlackElo "2164"]
[Result "0-1"]
[Round "06"]
[TimeControl "180+1"]
[Date "2022.04.05"]
[WhiteClock "0:00:53"]
[BlackClock "0:00:06"]

1. b3 d5 2. Bb2 Nf6 3. e3 Bf5 4. f4 e6 5. Nf3 h6 6. Ne5 Nbd7 7. Be2 Nxe5 8. Bxe5 Nd7 9. Bb2 Be7 10. d3 Bf6 11. c3 e5 12. fxe5 Nxe5 13. O-O Bh7 14. d4 Nc6 15. c4 O-O 16. Nc3 Nb4 17. a3 Nc2 18. Nxd5 Bg5 19. Bd3 Nxa1 20. Bxh7+ Kxh7 21. Qd3+ Kg8 22. Bxa1 c6 23. Nc3 Qe7 24. e4 Rad8 25. Ne2 Rfe8 26. Ng3 Bh4 27. d5 Bxg3 28. Qxg3 Qg5 29. Qf3 Rd7 30. Bd4 cxd5 31. exd5 b6 32. Qc3 Qg6 33. Rf3 Rde7 34. h3 Re1+ 35. Kh2 Qd6+ 36. Rg3 h5 37. h4 R8e4 38. Bf6 Kh7 39. Bg5 f6 40. Qf3 fxg5 41. Qxh5+ Qh6 42. Qxg5 Rxh4+ 43. Qxh4 Qxh4+ 44. Rh3 Qxh3+ 45. Kxh3 Re3+ 46. Kg4 Rxb3 47. Kf5 Rxa3 48. Ke6 Rc3 49. d6 Rxc4 50. Kd5 Rc2 51. d7 Rxg2 0-1


[Site "https://www.chess.com"]

[Event "Titled Tuesday Blitz April 05 Late 2022"]
[White "Harish, Neeraj"]
[Black "Roman, Rodrigo"]
[WhiteFideId "30958130"]
[BlackFideId "3701220"]
[WhiteElo "1574"]
[BlackElo "2001"]
[Result "0-1"]
[Round "06"]
[TimeControl "180+1"]
[Date "2022.04.06"]
[WhiteClock "0:01:21"]
[BlackClock "0:01:54"]

1. e4 e5 2. Nf3 Nc6 3. Bc4 Nf6 4. d3 Bc5 5. O-O O-O 6. h3 d6 7. c3 a6 8. a4 Be6 9. Bxe6 fxe6 10. d4 exd4 11. cxd4 Ba7 12. Nc3 d5 13. e5 Ne4 14. Qd3 Rxf3 15. gxf3 Ng5 16. f4 Nf7 17. Be3 Qh4 18. Kh2 Nh6 19. Rg1 Nxd4 20. Bxd4 Qxf4+ 21. Qg3 Qxg3+ 22. Rxg3 Bxd4 23. Rd1 Bxe5 24. Kg2 Bxg3 25. fxg3 c6 26. Ne2 e5 27. Kf3 Rf8+ 0-1


[Site "https://www.chess.com"]

[Event "Titled Tuesday Blitz April 05 Late 2022"]
[White "He, Anthony"]
[Black "Ibarra Jerez, Jose Carlos"]
[WhiteFideId "2088215"]
[BlackFideId "2226332"]
[WhiteElo "2415"]
[BlackElo "2626"]
[Result "1-0"]
[Round "06"]
[TimeControl "180+1"]
[Date "2022.04.05"]
[WhiteClock "0:00:12"]
[BlackClock "0:00:02"]

1. e4 c5 2. Nf3 e6 3. d4 cxd4 4. Nxd4 Bc5 5. Nb3 Bb6 6. Nc3 Ne7 7. Bd3 O-O 8. O-O f5 9. Qe2 f4 10. e5 Nbc6 11. Qh5 Ng6 12. Re1 Bc7 13. Bxg6 hxg6 14. Qxg6 Nxe5 15. Qh5 Rf5 16. Qh3 d5 17. Nd4 Rf6 18. Qh4 Ng6 19. Qg5 e5 20. Ndb5 Bb6 21. Rd1 Be6 22. Ne4 dxe4 23. Rxd8+ Rxd8 24. Nc3 Ba5 25. Bd2 Rxd2 26. Nxe4 Bf7 27. Nxd2 Bxd2 28. Rd1 Ba5 29. h4 Bb6 30. h5 Nf8 31. Qxe5 f3 32. g3 Re6 33. Qf5 Re2 34. Qxf3 Rxc2 35. b4 Rxa2 36. g4 Ne6 37. Kg2 Ng5 38. Qf5 Ne6 39. Rd7 Rxf2+ 40. Qxf2 Bxf2 41. Kxf2 b5 42. Rxa7 Ng5 43. Ke3 Bc4 44. Kf4 Nh3+ 45. Ke5 Kh7 46. Ra6 Ng5 47. Rg6 Nf7+ 48. Kf4 Nd8 49. Rd6 Ne6+ 50. Kf5 Nf8 51. g5 Kg8 52. g6 Be2 53. Kg5 Bc4 54. Rd8 Be2 55. h6 gxh6+ 56. Kxh6 Bd3 57. g7 1-0


[Site "https://www.chess.com"]

[Event "Titled Tuesday Blitz April 05 Late 2022"]
[White "Herrera Reyes, Jose Antonio"]
[Black "Przybylski, Wojciech"]
[WhiteFideId "2274914"]
[BlackFideId "1117599"]
[WhiteElo "2589"]
[BlackElo "2478"]
[Result "1-0"]
[Round "06"]
[TimeControl "180+1"]
[Date "2022.04.06"]
[WhiteClock "0:01:14"]
[BlackClock "0:00:10"]

1. Nf3 Nf6 2. g3 d5 3. Bg2 Bg4 4. O-O c6 5. d3 Nbd7 6. c3 e6 7. Qb3 Qb6 8. Be3 Qxb3 9. axb3 a6 10. b4 Rc8 11. Nbd2 Bd6 12. Nb3 Ke7 13. Na5 Rc7 14. Rfe1 e5 15. h3 Be6 16. Bd2 h6 17. c4 e4 18. Nd4 Be5 19. Bc3 Re8 20. c5 e3 21. f4 Bxd4 22. Bxd4 g5 23. Bxe3 g4 24. f5 Bxf5 25. Bf4 Rcc8 26. Bd6+ Ke6 27. e4 dxe4 28. dxe4 Bg6 29. Nxb7 Nh5 30. hxg4 Nhf6 31. Bh3 Ne5 32. g5+ Nfg4 33. Bxe5 Kxe5 34. Bxg4 Rb8 35. Nd6 Rg8 36. gxh6 Rxb4 37. Rxa6 Rh8 38. Rxc6 Rxh6 39. Nxf7+ Bxf7 40. Rxh6 Rxb2 41. Rh2 Rb3 42. Rg2 Rc3 43. Rf1 Bg6 44. Bf5 Be8 45. g4 Rxc5 46. g5 Bb5 47. g6 Bxf1 48. Kxf1 Rc1+ 49. Kf2 Kf6 50. g7 Rc2+ 51. Kg1 Rxg2+ 52. Kxg2 Kxg7 53. Kf3 Kf6 54. Kf4 Kf7 55. e5 Ke7 56. Ke4 Kf8 57. Kd5 Ke8 58. Kd6 Kd8 59. e6 Ke8 60. Bg6+ Kf8 61. e7+ Kg7 62. e8=Q Kf6 63. Bb1 Kg7 64. Qg6+ Kf8 65. Qh6+ Kf7 66. Ba2+ Ke8 67. Qh8# 1-0


[Site "https://www.chess.com"]

[Event "Titled Tuesday Blitz April 05 Late 2022"]
[White "Hess, Robert"]
[Black "Manukyan, Sargis A."]
[WhiteFideId "2022036"]
[BlackFideId "13303970"]
[WhiteElo "2557"]
[BlackElo "2187"]
[Result "1-0"]
[Round "06"]
[TimeControl "180+1"]
[Date "2022.04.05"]
[WhiteClock "0:00:04"]
[BlackClock "0:00:16"]

1. b3 d5 2. Bb2 Nf6 3. d3 e6 4. Nd2 Be7 5. h3 O-O 6. g4 c5 7. Bg2 Nc6 8. e3 b5 9. a4 bxa4 10. Rxa4 Nb4 11. Ngf3 Bd7 12. Ra1 a5 13. Ne5 a4 14. c3 Nc6 15. Nxd7 Nxd7 16. bxa4 Qb6 17. Bc1 Rfb8 18. O-O Qa5 19. Qc2 Bf6 20. Ra3 Nb6 21. c4 Nb4 22. Qd1 Ra7 23. Nb3 Qa6 24. cxd5 Qxd3 25. dxe6 c4 26. Nc5 Qxd1 27. exf7+ Kxf7 28. Rxd1 Be7 29. a5 Nc8 30. Ne4 Nd3 31. Rc3 Nxc1 32. Rcxc1 Rc7 33. Nc3 Rb3 34. a6 Ba3 35. Rc2 Na7 36. Nd5 Rc5 37. Nf4 Ke8 38. Rd5 Rb1+ 39. Kh2 Rc7 40. Rd4 c3 41. Nd5 Rc1 42. Nxc7+ Ke7 43. Rxc1 Bxc1 44. Nd5+ Kd6 45. Nxc3+ Kc5 46. Ne4+ Kb6 47. Rd6+ Ka5 48. Bf1 Bb2 49. Rd5+ Kb6 50. Rd7 h5 51. Rb7+ Ka5 52. Rxa7 hxg4 53. Rb7 g3+ 54. Kg2 g5 55. Rxb2 g4 56. fxg3 gxh3+ 57. Kh1 h2 58. a7 1-0


[Site "https://www.chess.com"]

[Event "Titled Tuesday Blitz April 05 Late 2022"]
[White "Hnydiuk, Aleksander"]
[Black "Karttunen, Mika"]
[WhiteFideId "1109057"]
[BlackFideId "502081"]
[WhiteElo "2374"]
[BlackElo "2343"]
[Result "0-1"]
[Round "06"]
[TimeControl "180+1"]
[Date "2022.04.05"]
[WhiteClock "0:00:01"]
[BlackClock "0:00:12"]

1. Nf3 Nf6 2. c4 e6 3. g3 d5 4. d4 Be7 5. Bg2 O-O 6. O-O dxc4 7. Qc2 a6 8. Qxc4 b5 9. Qc2 Bb7 10. Bd2 Be4 11. Qc1 Nbd7 12. Ba5 Bd6 13. Nbd2 Bd5 14. Qc2 Bb7 15. e4 e5 16. Rac1 Rc8 17. dxe5 Nxe5 18. Nd4 g6 19. h3 Nh5 20. Rfd1 Qe7 21. Ne2 c5 22. Nc3 c4 23. Bf1 Bc5 24. Kg2 Qg5 25. Nd5 Bxf2 26. Qc3 Bxd5 27. exd5 Be3 28. Ne4 Nf4+ 29. Kh2 Nxd5 30. Nxg5 Nxc3 0-1


[Site "https://www.chess.com"]

[Event "Titled Tuesday Blitz April 05 Late 2022"]
[White "Hoffmann, Asa"]
[Black "Tregubov, Pavel V."]
[WhiteFideId "2001470"]
[BlackFideId "4115341"]
[WhiteElo "2378"]
[BlackElo "2602"]
[Result "0-1"]
[Round "06"]
[TimeControl "180+1"]
[Date "2022.04.06"]
[WhiteClock "0:00:36"]
[BlackClock "0:00:32"]

1. d4 Nf6 2. Bg5 e6 3. Nd2 h6 4. Bh4 d5 5. e3 c5 6. c3 Be7 7. Bd3 Nc6 8. f4 O-O 9. Ngf3 b6 10. O-O Bb7 11. Ne5 Nxe5 12. fxe5 Ne4 13. Bxe7 Qxe7 14. Bxe4 dxe4 15. Qg4 Qg5 16. Rf4 f5 17. exf6 Rxf6 18. Qxg5 hxg5 19. Rg4 cxd4 20. cxd4 Rc8 21. Nxe4 Bxe4 22. Rxe4 Rc2 23. Rf1 Kf7 24. Re5 Rxb2 25. Rxg5 Rxa2 26. d5 Rxf1+ 27. Kxf1 exd5 28. Rxd5 Ke6 29. Rb5 Kd6 30. h4 Kc6 31. Rg5 b5 32. Rg6+ Kc5 33. Rxg7 b4 34. Rb7 a5 35. h5 a4 36. h6 b3 37. Kg1 Ra1+ 38. Kh2 Rd1 39. h7 Rd8 40. g4 Kc6 41. Rb4 Rh8 42. Rxa4 Rxh7+ 43. Kg3 b2 44. Rc4+ Kb5 45. Rc8 Rb7 0-1


[Site "https://www.chess.com"]

[Event "Titled Tuesday Blitz April 05 Late 2022"]
[White "Ilyasli, Ughur"]
[Black "Harshavardhan G B"]
[WhiteFideId "13416197"]
[BlackFideId "25059009"]
[WhiteElo "2421"]
[BlackElo "2614"]
[Result "0-1"]
[Round "06"]
[TimeControl "180+1"]
[Date "2022.04.06"]
[WhiteClock "0:00:04"]
[BlackClock "0:01:41"]

1. d4 Nf6 2. c4 c5 3. d5 b5 4. cxb5 a6 5. f3 axb5 6. e4 Qa5+ 7. Bd2 b4 8. Na3 d6 9. Nc4 Qc7 10. Bd3 g6 11. Ne2 Bg7 12. O-O O-O 13. Qc1 Nbd7 14. Bh6 Ba6 15. Bxg7 Kxg7 16. b3 Bxc4 17. Bxc4 Ne5 18. f4 Nxc4 19. Qxc4 Ra5 20. Ng3 Rfa8 21. Rf2 Nd7 22. Qc2 f6 23. h4 c4 24. bxc4 Nc5 25. Qe2 b3 26. Qg4 Rxa2 27. Raf1 Rxf2 28. Rxf2 Ra1+ 29. Kh2 Ra2 30. Rf1 b2 31. f5 Nd3 32. fxg6 hxg6 33. h5 Ne5 34. Nf5+ Kf8 35. Qg3 gxf5 36. exf5 Ra1 37. h6 e6 38. Qh4 Kg8 0-1


[Site "https://www.chess.com"]